 Dungeon Crawl Stone Soup version 0.24-a0-447-ge8da9206dc (webtiles) character file.

Game seed: 12592249191807813254

2279 night the Cleaver (level 9, -11/72 HPs)
             Began as a Formicid Fighter on June 23, 2019.
             Was a Follower of Qazlal.
             Splashed by Psyche's acid (17 damage)
             ... on level 9 of the Dungeon on June 25, 2019.
             The game lasted 00:16:37 (6889 turns).

night the Cleaver (Formicid Fighter)                Turns: 6889, Time: 00:16:38

Health: -11/72     AC:  6    Str: 20 (23) XL:     9   Next: 66%
Magic:  9/9        EV:  8    Int: 10 (11) God:    Qazlal [*.....]
Gold:   284        SH: 11    Dex:  2 (5)  Spells: 8/8 levels left

rFire    + . .     SeeInvis +   a - +0 war axe
rCold    . . .     Gourm    .   c - +0 shield
rNeg     . . .     Faith    .   t - +0 scale mail
rPois    .         Spirit   .   (helmet unavailable)
rElec    .         Reflect  .   (no cloak)
rCorr    .         Harm     .   (no gloves)
MR       .....                  (no boots)
Stlth    ..........             H - amulet of regeneration
HPRegen  0.22/turn              m - ring of wizardry
MPRegen  0.11/turn              B - ring of the Lion {*Tele rF+ Int+2 Dex-5}

@: heavily drained
A: permanent stasis, dig shafts and tunnels, four strong arms, antennae 3
a: Dig, Shaft Self, Renounce Religion


You were on level 9 of the Dungeon.
You worshipped Qazlal.
Qazlal was aware of your devotion.
You were not hungry.

You visited 2 branches of the dungeon, and saw 9 of its levels.

You collected 284 gold pieces.

Inventory:

Hand Weapons
 a - a +0 war axe (weapon)
 b - a +0 shortbow of velocity
 x - a +2 vampiric dagger
Missiles
 g - 23 bolts
 h - 152 arrows
Armour
 c - a +0 shield (worn)
 t - a +0 scale mail (worn)
Jewellery
 m - a ring of wizardry (left hand)
 v - an uncursed amulet of magic regeneration
 B - the ring of the Lion (right hand) {*Tele rF+ Int+2 Dex-5}
   (You found it on level 6 of the Dungeon)

   [ring of teleportation]

   It may teleport you next to monsters.
   It affects your intelligence (+2).
   It affects your dexterity (-5).
   It protects you from fire.
 H - an amulet of regeneration (around neck)
Wands
 q - a wand of enslavement (16)
 u - a wand of disintegration (5)
Scrolls
 e - 4 scrolls of magic mapping
 i - 7 scrolls of identify
 l - 3 scrolls of teleportation
 o - a scroll of blinking
 w - a scroll of remove curse {unknown}
 y - a scroll of immolation {unknown}
 C - a scroll of fog {unknown}
 E - a scroll of fear {unknown}
 F - a scroll of enchant armour {unknown}
Potions
 d - 2 potions of might
 j - a potion of cancellation {unknown}
 k - 2 potions of curing {unknown}
 n - a potion of heal wounds
 r - a potion of ambrosia
 s - 2 potions of haste
 z - 2 potions of flight
 G - a potion of mutation {unknown}
Comestibles
 f - 9 rations


   Skills:
 + Level 7.0(5.5) Fighting
 * Level 9.2(7.6) Axes
 - Level 3.2(1.9) Armour
 - Level 8.3(6.8) Shields


You had 8 spell levels left.
You didn't know any spells.
Your spell library was empty.

Dungeon Overview and Level Annotations

Branches:
Dungeon (7/15)             Temple (1/1) D:5

Altars:
Ashenzari
Cheibriados
Dithmenos
Elyvilon
Fedhas
Gozag
Hepliaklqana
Kikubaaqudgha
Makhleb
Nemelex Xobeh
Okawaru
Qazlal
Ru
Sif Muna
Trog
Uskayaw
Vehumet
Wu Jian
Xom
Yredelemnul
Zin
The Shining One

Shops:
D:5 *

Annotations:
D:9 Psyche


Innate Abilities, Weirdness & Mutations

You cannot be hasted, slowed, berserked, paralysed or teleported.
You can dig through walls and to a lower floor.
Your four strong arms can wield two-handed weapons with a shield.
You have a pair of large antennae on your head. (SInv)


Message History

Aim: Psyche, wielding a +3 dagger of distortion, wearing a +0 robe and carrying a wand of acid (9) (chance to defeat MR: 65%) Psyche struggles to resist.
You don't know any spells.
Evoke which item? (* to show all) (? for menu, Esc to quit)
Aiming: Disintegrate
Press: ? - help, Shift-Dir - straight line, f/p - Psyche
Aim: Psyche, wielding a +3 dagger of distortion, wearing a +0 robe and carrying a wand of acid (9) (chance to defeat MR: 65%) Psyche is blasted!
Psyche zaps a wand.
The bolt of acid hits you!
* * * LOW HITPOINT WARNING * * *
You are splashed with acid!
* * * LOW HITPOINT WARNING * * *
You feel much better.
Psyche zaps a wand.
The bolt of acid misses you.
Evoke which item? (* to show all) (? for menu, Esc to quit)
Aiming: Disintegrate
Press: ? - help, Shift-Dir - straight line, f/p - Psyche
Aim: Psyche, wielding a +3 dagger of distortion, wearing a +0 robe and carrying a wand of acid (7) (moderately wounded, chance to defeat MR: 65%) Psyche struggles to resist.
Psyche zaps a wand.
The bolt of acid hits you!
* * * LOW HITPOINT WARNING * * *
You are splashed with acid!
You die...

#####....).#
......%..†.#
..........[#
...........#
...........#
...........# .
.........(.# ...
...........########....
...........@.°@........
.......................
.......................
.......................
.......##############..
.... . ...


You could see Psyche.

Vanquished Creatures
  A hippogriff (D:6)
  Sigmund (D:6)
  An ice beast (D:5)
  A sky beast (D:4)
  A black bear (D:6)
  4 ogres
  A phantom (D:9)
  A necrophage (D:5)
  3 centaurs
  3 scorpions
  2 wights (D:7)
  2 howler monkeys (D:7)
  3 crimson imps
  A hound (D:9)
  5 orc wizards
  A centaur skeleton (D:6)
  Terence (D:2)
  4 worker ants
  A killer bee zombie (D:5)
  A hound zombie (D:6)
  An adder (D:6)
  A shadow imp (D:9)
  2 oozes
  An adder skeleton (D:4)
  A dart slug (D:1)
  4 leopard geckos
  19 orcs
  11 bats
  5 giant cockroaches
  7 goblins
  9 hobgoblins
  8 jackals
  8 kobolds
  2 quokkas
  3 ball pythons
  6 frilled lizards
  A leopard gecko skeleton (D:5)
  7 rats
134 creatures vanquished.

Vanquished Creatures (others)
  An orc wizard (D:4)
1 creature vanquished.

Grand Total: 135 creatures vanquished

Notes
Turn   | Place    | Note
-------+----------+-------------------------------------------
     0 | D:1      | night the Formicid Fighter began the quest for the Orb.
     0 | D:1      | Reached XP level 1. HP: 18/18 MP: 1/1
   237 | D:1      | Reached XP level 2. HP: 21/24 MP: 2/2
   312 | D:1      | Reached XP level 3. HP: 24/29 MP: 3/3
   387 | D:1      | Reached skill level 3 in Axes
   789 | D:2      | Noticed Terence
   796 | D:2      | Killed Terence
   796 | D:2      | Reached XP level 4. HP: 26/35 MP: 4/4
  1146 | D:2      | Reached skill level 4 in Axes
  1159 | D:2      | Reached XP level 5. HP: 17/41 MP: 5/5
  2157 | D:3      | Found a stormy altar of Qazlal.
  2163 | D:3      | Became a worshipper of Qazlal Stormbringer
  2320 | D:3      | Found a deep blue altar of Sif Muna.
  2677 | D:4      | Noticed an ogre
  2684 | D:4      | Killed an ogre
  2684 | D:4      | Reached skill level 5 in Shields
  2684 | D:4      | Reached XP level 6. HP: 17/48 MP: 6/6
  2918 | D:4      | Reached skill level 5 in Axes
  3342 | D:4      | Noticed a sky beast
  3349 | D:4      | Killed a sky beast
  3349 | D:4      | Reached XP level 7. HP: 54/54 MP: 7/7
  3506 | D:4      | Reached skill level 6 in Axes
  3824 | D:5      | Entered Level 5 of the Dungeon
  3847 | D:4      | Reached * piety under Qazlal
  4247 | D:5      | Reached XP level 8. HP: 41/61 MP: 8/8
  4250 | D:5      | Found a staircase to the Ecumenical Temple.
  4267 | D:5      | Reached skill level 5 in Fighting
  4460 | D:5      | Reached skill level 7 in Axes
  4485 | Temple   | Entered the Ecumenical Temple
  4746 | D:5      | Found an opulent altar of Gozag.
  5081 | D:5      | Found a radiant altar of Vehumet.
  5114 | D:5      | Found Aothi's Alliterative Accessories.
  5723 | D:6      | Noticed a hippogriff
  5765 | D:6      | Killed a hippogriff
  5872 | D:6      | Noticed Sigmund
  5876 | D:6      | Killed Sigmund
  5876 | D:6      | Reached skill level 8 in Axes
  5876 | D:6      | Reached XP level 9. HP: 69/69 MP: 9/9
  6158 | D:6      | Found a stormy altar of Qazlal.
  6175 | D:6      | Got a warped jade ring
  6594 | D:7      | Identified the ring of the Lion {*Tele rF+ Int+2 Dex-5}
                  | (You found it on level 6 of the Dungeon)
  6662 | D:7      | You fall into a shaft and drop 2 floors!
  6674 | D:9      | Reached skill level 9 in Axes
  6761 | D:9      | Upgraded the game from 0.24-a0-446-g87df7205b4 to
                  | 0.24-a0-447-ge8da9206dc
  6885 | D:9      | Noticed Psyche
  6889 | D:9      | Splashed by Psyche's acid

Levels and vault maps discovered:
D:1:      minmay_arrival_solitary_statue, layout_rooms
D:2:      minmay_evil_eye, layout_basic, uniq_terence
D:3:      layout_rooms, overflow_temple_1_default, first_ration,
          grunt_ministairs_10, minmay_misc_feat_rugged, roderic_roman_lattice,
          serial_bayou_pond_d, grunt_qazlal_clouds
D:4:      layout_basic
D:5:      layout_basic, lemuel_crystal_altar, temple_fountains, basic_altar,
          nicolae_alphabet_shops, kennysheep_generic_room_11
D:6:      layout_basic, basic_altar, minmay_door_square, hangedman_glass_teeth,
          uniq_sigmund
D:7:      minmay_chambers_of_fours, layout_basic
D:9:      layout_irregular_city, hangedman_pestilent_swarm, uniq_psyche
Temple:   regret_index_temple_chain_breaker

Skill      XL: |  1  2  3  4  5  6  7  8  9 |
---------------+----------------------------+-----
Shields        | 4 5 6 7 8 |  8.3
Axes           | 3 4 5 6 8 9 |  9.2
Fighting       | 4 6 7 |  7.0
Armour         | |  3.2

Action                   |  1- 3 |  4- 6 |  7- 9 || total
-------------------------+-------+-------+-------++-------
Melee: War axe           |    80 |   201 |   240 ||   521
 Fire: Shortbow          |       |     3 |    38 ||    41
 Abil: Dig               |       |     1 |     1 ||     2
       Shaft Self        |       |       |     1 ||     1
Evoke: Wand              |       |       |     9 ||     9
  Use: Scroll            |       |       |     5 ||     5
       Potion            |       |       |     6 ||     6
  Eat: Chunk             |       |     8 |    12 ||    20
Armor: Scale mail        |    35 |    94 |    70 ||   199
Dodge: Dodged            |    23 |    73 |    74 ||   170
Block: Shield            |    60 |   118 |   179 ||   357

Table legend:
 A = Non-vault XP
 B = Vault XP
 C = Vault XP percentage of total XP
 D = Non-vault monster count
 E = Vault monster count
 F = Vault count percentage of total count
                 A         B        C        D         E       F
            +---------+---------+-------+---------+---------+-------
      Total |    2981 |     276 |   8.5 |     126 |       9 |   6.7
            +---------+---------+-------+---------+---------+-------
        D:1 |      48 |       0 |   0.0 |      25 |       0 |   0.0
        D:2 |      76 |      47 |  38.2 |      22 |       7 |  24.1
        D:3 |      21 |       2 |   8.7 |      14 |       1 |   6.7
        D:4 |     683 |       0 |   0.0 |      18 |       0 |   0.0
        D:5 |     636 |       0 |   0.0 |      18 |       0 |   0.0
        D:6 |     836 |     227 |  21.4 |      15 |       1 |   6.2
        D:7 |     342 |       0 |   0.0 |       5 |       0 |   0.0
        D:9 |     339 |       0 |   0.0 |       9 |       0 |   0.0
            +---------+---------+-------+---------+---------+-------
